 Dungeon Crawl Stone Soup version 0.18.1-8-gdd0e5ea (webtiles) character file.

74 BledDest the Insei (level 3, -1/27 HPs)
             Began as a Demigod Transmuter on June 10, 2016.
             Slain by an orc
             ... wielding a +0 hand axe
              (4 damage)
             ... on level 3 of the Dungeon.
             The game lasted 00:03:38 (1934 turns).

BledDest the Insei (Demigod Transmuter)             Turns: 1934, Time: 00:03:39

Health: -1/27      AC:  6    Str: 13    XL:     3   Next: 86%
Magic:  17/17      EV: 12    Int: 17    God:
Gold:   118        SH:  0    Dex: 18    Spells: 1 memorised, 4 levels left

rFire  . . .     SeeInvis .       - Unarmed
rCold  . . .     Gourm    .     b - +0 robe
rNeg   . . .     Faith    .     (no shield)
rPois  .         Spirit   .     (no helmet)
rElec  .         Dismiss  .     (no cloak)
rCorr  .         Reflect  .     j - +0 pair of gloves
SustAt +         Harm     .     o - +2 pair of boots {run}
MR     .....                    (no amulet)
Stlth  ++........               (no ring)
                                k - ring of magical power

@: quick, not resistant to hostile enchantments, unstealthy
A: high mp 1, sustain attributes
a: no special abilities


You were on level 3 of the Dungeon.
You were not hungry.

You visited 1 branch of the dungeon, and saw 3 of its levels.

You collected 118 gold pieces.

Inventory:

Missiles
 a - 36 arrows
 v - 6 javelins of penetration (quivered)
Armour
 b - a +0 robe (worn)
 j - a +0 pair of gloves (worn)
 o - a +2 pair of boots of running (worn)
Jewellery
 k - a ring of magical power (left hand)
Scrolls
 e - 2 scrolls of teleportation {unknown}
 m - a scroll of random uselessness {unknown}
 n - 2 scrolls of fear {unknown}
 p - a scroll of enchant weapon {unknown}
 q - a scroll of recharging {unknown}
 r - 5 scrolls of identify {unknown}
 t - a scroll of amnesia {unknown}
Potions
 h - 2 potions of resistance {unknown}
 i - 2 potions of berserk rage {unknown}
 l - a potion of degeneration {unknown}
 s - a potion of curing {unknown}
 u - a potion of heal wounds {unknown}
Books
 c - a book of Changes

   Spells                             Type                      Level
   a - Beastly Appendage              Transmutation                1
   b - Sticks to Snakes               Transmutation                2
   c - Spider Form                    Transmutation/Poison         3
   d - Ice Form                       Ice/Transmutation            4
   e - Blade Hands                    Transmutation                5
Comestibles
 d - 5 bread rations
 f - a beef jerky
 w - a slice of pizza


   Skills:
 - Level 0.8 Fighting
 - Level 1.7 Dodging
 + Level 4.5 Unarmed Combat
 - Level 1.7 Spellcasting
 - Level 1.7 Transmutations


You had 4 spell levels left.
You knew the following spells:

 Your Spells              Type           Power        Failure   Level  Hunger
a - Beastly Appendage     Trmt           #.....       12%         1    #......


Dungeon Overview and Level Annotations

Branches:
Dungeon (3/15)


Innate Abilities, Weirdness & Mutations

You have an increased reservoir of magic (+10% MP).
Your attributes are resistant to harm.


Message History

You hit the worm but do no damage.
The worm is moderately wounded.
The orc barely misses you.
You hit the worm.
The worm is moderately wounded.
The orc closely misses you. The worm bites you!
You hit the worm.
The worm is heavily wounded.
The orc hits you but does no damage.
You barely miss the worm.
The worm is heavily wounded.
The worm bites you!
You hit the worm.
The worm is heavily wounded.
The orc hits you with a hand axe!
* * * LOW HITPOINT WARNING * * *
You hit the worm.
The worm is severely wounded.
The orc hits you with a hand axe.
You die...

...# .....# # #.....#
#. ...... ###. ....
.....###+##.# ##
#.....o.....# ...#
#.....w@....# ..#
#...........# ..# ยง
########.##.#
..#####.. #####+#..#
#........
........#####.......#
....................#
.......######.#######
....... #........
....... #........


You could see a worm and an orc.

Vanquished Creatures
  2 adders
  2 worms (D:2)
  2 dart slugs
  3 giant geckos
  2 ball pythons
  2 giant cockroaches (D:1)
  8 hobgoblins
  6 kobolds
  3 bats
  4 giant newts
  4 goblins
  5 rats
43 creatures vanquished.

Vanquished Creatures (others)
  A rat (D:3)
1 creature vanquished.

Grand Total: 44 creatures vanquished

Notes
Turn   | Place    | Note
--------------------------------------------------------------
     0 | D:1      | BledDest the Demigod Transmuter began the quest for the Orb.
     0 | D:1      | Reached XP level 1. HP: 15/15 MP: 5/5
   329 | D:1      | Reached skill level 3 in Unarmed Combat
   410 | D:1      | Reached XP level 2. HP: 21/22 MP: 7/7
   459 | D:1      | Identified a +2 pair of boots of running (You found it on level 1 of the Dungeon)
   961 | D:2      | Found an oddly glowing altar of Pakellas.
  1116 | D:2      | Reached XP level 3. HP: 24/27 MP: 8/8
  1183 | D:2      | Reached skill level 4 in Unarmed Combat
  1934 | D:3      | Slain by an orc

Skill      XL: |  1  2  3 |
---------------+----------+-----
Unarmed Combat | 3 4 |  4.5
Fighting       | |  0.8
Dodging        | |  1.7
Spellcasting   | |  1.7
Transmutations | |  1.7

Action                   || total
-------------------------++-------
Melee: Unarmed           ||   175
       Punch             ||     3
       Headbutt          ||     2
 Cast: Beastly Appendage ||     1
 Stab: Sleeping          ||     2
  Eat: Chunk             ||     3
Armor: Robe              ||    54
Dodge: Dodged            ||   118
